Map: Cinder Fortress

Players

A.I. 1 (Very Hard) - Winner!

  • Race: Zerg Zerg
  • Spawn Location: 12:00

larsgj

  • Race: Terran Terran
  • Spawn Location: 5:00

VOD

Have the link to the VOD?

Description

Time

  • Played on: May 3, 2019, 10:03 a.m.
  • Length: 20:09
Show
View Real Time Build Order
Export as new Build Order

A.I. 1 (Very Hard) Zerg - Winner!

Build Orders: Pool First 

Get SALT Encoding   

  12  0:00  Drone  
  13  0:12  Overlord  
  13  0:17  Drone  
  14  0:30  Drone x2  
  16  0:42  Spawning Pool  
  16  0:45  Drone  
  16  0:49  Drone  
  17  1:12  Hatchery  
  17  1:13  Drone  
  17  1:16  Extractor  
  16  1:18  Drone  
  16  1:22  Drone  
  18  1:27  Drone  
  19  1:38  Overlord  
  19  1:49  Drone  
  19  1:51  Queen  
  22  1:59  Zergling x2  
  23  2:10  Drone  
  24  2:21  Drone  
  25  2:24  Roach Warren  
  25  2:26  Queen  
  25  2:27  Drone  
  27  2:33  Extractor  
  27  2:36  Drone  
  27  2:43  Overlord  
  27  2:47  Drone  
  27  2:50  Drone  
  29  2:53  Drone  
  29  2:56  Drone  
  31  2:58  Drone  
  31  3:03  Zergling x2  
  33  3:06  Zergling x2  
  33  3:11  Roach  
  36  3:15  Roach  
  36  3:19  Roach  
  40  3:23  Roach  
  42  3:27  Drone  
  42  3:29  Drone  
  42  3:33  Overlord  
  44  3:40  Lair  
  44  3:44  Metabolic Boost  
  44  3:51  Drone  
  44  3:52  Drone  
  44  3:54  Drone  
  47  3:56  Drone  
  47  3:58  Drone  
  47  4:00  Drone  
  50  4:03  Drone  
  50  4:07  Overlord  
  51  4:10  Drone  
  51  4:14  Evolution Chamber  
  51  4:15  Drone  
  52  4:20  Evolution Chamber  
  52  4:21  Drone  
  52  4:25  Drone x2  
  52  4:29  Drone  
  52  4:31  Drone  
  56  4:33  Drone  
  56  4:35  Drone  
  58  4:41  Drone, Infestation Pit  
  58  4:42  Zerg Missile Weapons Level 1  
  58  4:46  Zerg Ground Armor Level 1  
  58  4:48  Overlord  
  58  4:52  Overlord  
  58  4:53  Drone  
  58  4:55  Zergling x2  
  60  5:06  Extractor, Roach x2  
  63  5:08  Drone, Hydralisk Den  
  63  5:09  Drone  
  63  5:11  Drone  
  63  5:12  Drone  
  66  5:15  Overlord  
  66  5:17  Drone  
  66  5:18  Drone  
  68  5:27  Extractor  
  68  5:28  Drone x3  
  70  5:29  Infestor  
  70  5:33  Roach  
  74  5:36  Overlord  
  74  5:37  Roach  
  74  5:38  Hydralisk  
  74  5:42  Hydralisk  
  78  5:46  Roach  
  78  5:49  Roach  
  84  5:54  Overlord, Drone x2  
  86  5:58  Drone  
  86  6:03  Infestor  
  89  6:05  Spine Crawler  
  89  6:08  Spine Crawler  
  89  6:11  Ravager  
  88  6:13  Roach, Overlord  
  90  6:20  Baneling Nest  
  90  6:21  Drone  
  90  6:27  Ravager  
  90  6:30  Roach  
  93  6:34  Hydralisk  
  93  6:38  Hydralisk  
  93  6:39  Overlord  
  97  6:48  Drone, Spore Crawler  
  97  6:49  Spore Crawler  
  97  6:50  Drone  
  97  6:53  Infestor  
  99  7:03  Baneling  
  99  7:04  Baneling x3  
  99  7:05  Zergling x2, Baneling  
  99  7:06  Baneling  
  100  7:09  Hatchery  
  100  7:10  Drone  
  100  7:23  Infestor  
  100  7:26  Roach, Overlord  
  100  7:28  Roach  
  106  7:30  Roach  
  106  7:34  Hydralisk  
  110  7:39  Hydralisk  
  110  7:40  Overseer  
  112  7:44  Overlord  
  112  7:50  Spine Crawler  
  111  7:56  Lurker Den  
  110  8:05  Zergling x2, Baneling  
  110  8:07  Zergling x2, Baneling  
  111  8:20  Centrifugal Hooks  
  111  8:21  Queen, Drone x2  
  111  8:22  Drone x5  
  111  8:23  Overlord, Drone x4  
  111  8:24  Drone x4  
  111  8:25  Drone x2  
  130  8:29  Drone  
  130  8:31  Roach  
  130  8:33  Roach  
  135  8:34  Extractor  
  135  8:38  Hatchery  
  135  8:40  Drone  
  135  8:41  Extractor, Drone  
  133  8:42  Overlord  
  133  8:47  Drone  
  135  8:52  Ravager  
  136  8:57  Drone x2, Hive  
  136  8:58  Drone  
  136  9:01  Overlord  
  139  9:03  Drone  
  140  9:12  Roach  
  140  9:13  Ravager  
  140  9:14  Roach  
  140  9:15  Zergling x2, Baneling  
  140  9:16  Zergling x2  
  146  9:20  Overlord  
  146  9:22  Spine Crawler  
  131  9:25  Drone, Spore Crawler  
  131  9:29  Spire  
  131  9:30  Drone  
  113  9:48  Infestor  
  113  9:50  Queen, Evolution Chamber, Drone  
  113  9:52  Zergling x2, Baneling x3  
  116  9:53  Zergling x2  
  116  9:59  Infestor  
  119  10:01  Baneling  
  119  10:02  Spine Crawler  
  119  10:03  Drone  
  119  10:06  Hydralisk  
  121  10:08  Lurker  
  121  10:10  Viper  
  121  10:13  Baneling x2, Zergling x2  
  126  10:14  Zergling x2, Baneling x2  
  126  10:18  Hydralisk  
  129  10:22  Hydralisk  
  129  10:28  Zergling x2  
  132  10:29  Zergling x2  
  132  10:32  Spine Crawler, Baneling x2  
  132  10:34  Spine Crawler  
  132  10:35  Baneling x2  
  131  10:38  Zergling x2  
  131  10:39  Zergling x2  
  131  10:41  Hatchery, Corruptor  
  131  10:42  Corruptor  
  134  10:45  Corruptor  
  138  10:53  Corruptor  
  140  11:01  Corruptor  
  140  11:04  Spine Crawler  
  141  11:09  Corruptor  
  143  11:13  Spore Crawler  
  143  11:14  Spore Crawler  
  143  11:17  Spore Crawler  
  143  11:18  Corruptor  
  140  11:20  Spore Crawler  
  140  11:25  Corruptor  
  141  11:32  Zergling x2  
  144  11:33  Zergling x2  
  144  11:36  Infestor  
  147  11:49  Infestor  
  147  11:50  Spine Crawler  
  147  11:52  Roach  
  147  11:53  Queen, Drone x2  
  147  11:54  Roach, Drone x4  
  157  11:55  Drone x3, Spine Crawler, Overlord  
  157  11:56  Drone x4  
  157  11:57  Drone x2  
  168  12:01  Overseer  
  168  12:07  Extractor  
  167  12:08  Drone  
  167  12:11  Extractor  
  167  12:13  Overlord, Pneumatized Carapace, Drone  
  168  12:15  Overseer  
  168  12:33  Drone, Ultralisk Cavern  
  168  12:46  Zerg Melee Weapons Level 1  
  168  12:49  Spine Crawler  
  167  12:51  Drone  
  167  12:53  Overlord, Infestor  
  170  13:01  Infestor  
  170  13:04  Spore Crawler  
  170  13:05  Drone  
  172  13:06  Hatchery  
  172  13:07  Drone  
  172  13:11  Viper  
  175  13:19  Zerg Missile Weapons Level 2  
  175  13:23  Ultralisk  
  181  13:30  Drone, Spine Crawler, Ultralisk  
  187  13:41  Ultralisk  
  193  13:52  Ultralisk  
  199  14:04  Spine Crawler  
  199  14:05  Drone  
  199  14:06  Spine Crawler, Corruptor  
  199  14:07  Drone  
  199  14:08  Drone, Spine Crawler  
  199  14:09  Spine Crawler  
  194  14:11  Drone  
  194  14:13  Corruptor  
  194  14:15  Hydralisk  
  186  14:18  Hydralisk, Queen  
  186  14:21  Hydralisk  
  186  14:23  Hydralisk  
  182  14:25  Drone, Spore Crawler  
  182  14:28  Zergling x2  
  182  14:30  Extractor, Zergling x2  
  173  14:32  Infestor  
  173  14:33  Drone  
  173  14:36  Extractor  
  174  14:38  Drone  
  174  14:39  Infestor  
  174  14:45  Spore Crawler  
  167  14:46  Drone  
  167  14:47  Spore Crawler  
  167  14:48  Drone, Baneling x2, Zergling x2  
  167  14:51  Overseer  
  165  14:53  Ultralisk  
  165  14:58  Corruptor  
  163  15:00  Spore Crawler  
  163  15:01  Drone  
  163  15:02  Corruptor  
  163  15:03  Drone, Spore Crawler  
  163  15:05  Roach  
  156  15:07  Roach  
  156  15:09  Baneling, Zergling x2  
  156  15:10  Roach, Baneling  
  156  15:12  Roach  
  156  15:15  Overlord  
  156  15:18  Ultralisk  
  162  15:24  Overseer x2  
  162  15:29  Infestor  
  162  15:32  Baneling x2, Corruptor, Zergling x2  
  162  15:33  Spore Crawler  
  162  15:34  Overlord  
  162  15:35  Drone  
  167  15:36  Corruptor  
  167  15:40  Corruptor  
  171  15:44  Corruptor  
  173  15:50  Infestor  
  173  15:53  Overlord  
  175  15:58  Viper  
  175  16:00  Spore Crawler  
  175  16:01  Drone  
  178  16:04  Zerg Melee Weapons Level 2  
  178  16:11  Overlord  
  178  16:13  Zerg Ground Armor Level 2  
  178  16:14  Hatchery, Drone  
  178  16:20  Pathogen Glands  
  178  16:25  Spore Crawler  
  177  16:27  Drone  
  177  16:29  Spine Crawler  
  177  16:30  Drone  
  177  16:31  Spine Crawler  
  178  16:32  Drone  
  178  16:42  Spine Crawler  
  178  16:43  Drone  
  178  16:49  Ultralisk  
  178  16:53  Corruptor x2  
  188  16:54  Spore Crawler  
  188  16:56  Drone, Corruptor x2  
  188  16:59  Drone, Ultralisk, Infestor  
  198  17:01  Hydralisk  
  198  17:04  Hydralisk, Queen  
  198  17:06  Hydralisk  
  198  17:08  Hydralisk  
  188  17:14  Spore Crawler  
  188  17:15  Drone, Infestor  
  188  17:16  Spore Crawler  
  188  17:18  Drone  
  188  17:20  Spore Crawler  
  188  17:21  Drone, Corruptor  
  180  17:25  Corruptor  
  173  17:32  Corruptor  
  173  17:35  Hydralisk x2  
  169  17:37  Hydralisk  
  169  17:42  Corruptor  
  168  17:46  Hydralisk  
  168  17:51  Infestor  
  164  17:56  Queen  
  164  17:58  Infestor  
  166  18:03  Queen  
  166  18:05  Infestor  
  172  18:07  Queen  
  172  18:11  Infestor  
  176  18:19  Infestor  
  178  18:23  Extractor  
  178  18:24  Drone  
  178  18:26  Extractor  
  177  18:27  Drone  
  177  18:28  Viper  
  181  18:37  Viper  
  184  19:06  Corruptor  
  184  19:07  Corruptor  
  186  19:11  Queen  
  186  19:12  Zergling x2, Corruptor  
  186  19:14  Queen  
  186  19:15  Corruptor  
  187  19:19  Hatchery, Corruptor  
  187  19:20  Drone x3  
  187  19:21  Drone x3  
  184  19:24  Drone x3  
  184  19:25  Drone x2, Infestor  
  187  19:32  Hydralisk  
  187  19:34  Hydralisk  
  187  19:36  Hydralisk  
  187  19:37  Spine Crawler  
  178  19:39  Drone  
  178  19:41  Hydralisk  
  178  19:44  Drone  
  178  19:45  Drone  
  173  19:46  Drone  
  173  19:48  Drone  
  175  20:02  Spine Crawler  
Show
View Real Time Build Order
Export as new Build Order

larsgj Terran 

Build Orders:  

Get SALT Encoding   

  12  0:02  SCV  
  13  0:13  Supply Depot  
  13  0:18  SCV  
  14  0:30  SCV  
  15  0:38  Barracks  
  15  0:45  SCV  
  15  0:49  Supply Depot  
  16  0:58  SCV  
  17  1:10  SCV  
  18  1:15  Barracks  
  18  1:22  SCV  
  19  1:26  Marine  
  20  1:34  SCV  
  20  1:35  Supply Depot  
  21  1:44  Marine  
  21  1:46  SCV  
  23  1:52  Bunker  
  23  1:58  SCV  
  24  2:01  Supply Depot  
  24  2:03  Marine  
  25  2:10  SCV  
  25  2:11  Marine  
  27  2:21  Marine  
  27  2:22  SCV  
  29  2:26  Bunker  
  29  2:29  Refinery  
  29  2:34  SCV, Refinery  
  30  2:48  SCV  
  31  2:58  Bunker  
  31  3:01  SCV  
  32  3:06  Marine x2  
  34  3:13  SCV  
  35  3:23  Marine  
  35  3:24  Marine, Factory  
  37  3:29  SCV  
  38  3:41  SCV, Marine x2  
  39  3:47  Engineering Bay  
  41  3:59  Marine x2  
  43  4:03  SCV  
  43  4:07  Supply Depot  
  44  4:12  Supply Depot  
  44  4:15  SCV  
  45  4:17  Marine x2  
  45  4:20  Starport  
  47  4:33  Bunker  
  47  4:35  Marine x2  
  49  5:00  Medivac  
  49  5:04  Bunker  
  51  5:26  Starport  
  51  5:30  Medivac  
  51  5:31  Fusion Core  
  53  5:35  Armory  
  53  5:37  Missile Turret  
  53  5:39  Marine x2  
  55  5:49  Orbital Command  
  55  5:57  Marine x2  
  55  5:59  Missile Turret  
  57  6:15  Marine x2  
  59  6:20  Missile Turret  
  59  6:25  Starport Tech Lab x2  
  59  6:32  Marine  
  60  6:41  Missile Turret  
  60  6:55  Supply Depot  
  60  6:59  Battlecruiser  
  66  7:04  Missile Turret  
  66  7:18  Supply Depot  
  66  7:21  Command Center  
  66  7:27  Missile Turret  
  66  7:32  Battlecruiser  
  71  8:15  Battlecruiser  
  77  8:55  Supply Depot  
  75  9:12  Refinery  
  75  9:17  Supply Depot  
  68  9:40  Supply Depot  
  68  10:04  Battlecruiser, Supply Depot  
  74  10:07  SCV  
  75  10:20  SCV  
  76  10:28  Refinery  
  76  10:29  Supply Depot  
  76  10:32  SCV  
  77  10:43  Command Center  
  77  10:44  SCV  
  78  10:57  Orbital Command  
  78  11:12  Battlecruiser  
  84  11:19  Terran Vehicle And Ship Armor Level 1  
  84  11:22  Weapon Refit  
  84  11:32  Refinery  
  84  11:34  Refinery  
  84  11:49  Bunker  
  84  11:50  Marine x2  
  86  11:57  SCV  
  87  12:08  Marine x2  
  88  12:09  SCV  
  90  12:21  SCV  
  91  12:26  Marine x2  
  93  12:33  SCV  
  94  12:43  Marine  
  95  12:46  Orbital Command  
  95  12:56  Battlecruiser x2  
  107  13:11  Neosteel Armor  
  107  13:13  Terran Ship Weapons Level 1  
  116  14:22  Battlecruiser x2  
  73  14:51  Hi-Sec Auto Tracking  
  63  15:26  Battlecruiser x2  
  63  15:28  Command Center  
  75  15:48  Terran Infantry Weapons Level 1  
  75  16:30  Battlecruiser  
  87  16:52  Battlecruiser  
  69  17:35  Battlecruiser  
  69  17:56  Battlecruiser  
  63  18:18  Supply Depot  
  63  18:19  Orbital Command  
  63  18:39  Battlecruiser  
  69  18:41  Refinery  
Tags
 
Matchup
TvZ
Opening
Pool First
Replay Pack
Multiplayer
Spawn Locations
Cross Positions
Add a new tag
Caveats
  • Supply blocks, unpowered buildings, or Contaminate may cause inaccurate times.
  • Supply counts are checked every 10 seconds.